Little Stars vs Rampage
(R1)
Created - November 3, 2022 at 19:29
Goals
|
| Little Stars |
4 |
1 |
0 |
0 |
2 |
5 |
| Rampage |
0 |
2 |
3 |
0 |
3 |
6 |
|
Shots
|
| Little Stars |
16 |
15 |
9 |
2 |
5 |
42 |
| Rampage |
9 |
13 |
12 |
0 |
5 |
34 |
|
1st period
1. Little Stars , Ilya Mikheyev 1 (Jordan LaVallee 2, Daniel O'regan 1) at 6:16
2. Little Stars , Adam Tambellini 1 (Henrik Borgstrom 1, Matt Luff 1) at 8:12
3. Little Stars , Henrik Borgstrom 1 (Frederic Allard 1) at 14:50
4. Little Stars , Adam Tambellini 2 (Matt Luff 2, Anton Cederholm 1) at 19:52 (PP)
Penalties :
Joey Anderson (Tex) for High sticking (Minor) at 9:50, Dominik Simon (San) for Interference (Minor) at 16:06, T.J. Tynan (San) for Tripping (Minor) at 19:20
2nd period
5. Rampage , Rourke Chartier 1 (Dominik Simon 2) at 12:59 (PP)
6. Little Stars , Roman Horak 1 (Michael Mersch 1, Tucker Poolman 1) at 14:25
7. Rampage , Jeremy Bracco 1 (Anthony Richard 1, Vladislav Gavrikov 1) at 16:40
Penalties :
Dylan Sikura (San) for Hooking (Minor) at 8:30, Frederic Allard (Tex) for Hooking (Minor) at 12:49
3rd period
8. Rampage , Dominik Simon 2 (Jordan Kyrou 2, Travis Sanheim 1) at 0:12
9. Rampage , T.J. Tynan 2 (Ryan Lomberg 1, Vladislav Gavrikov 2) at 6:47
10. Rampage , Roland McKeown 2 (Ryan Lomberg 2, T.J. Tynan 1) at 18:42
Penalties :
Ethan Bear (San) for Cross-checking (Minor) at 1:16, T.J. Tynan (San) for Charging (Minor) at 13:20, Dominik Simon (San) for Holding (Minor) at 15:15, Eric Knodel (Tex) for Roughing (Minor) at 19:06
Overtime #1
No Goal
Penalties :
No Penalty
Shootout
Little Stars, Jordan LaVallee - Goal!
Rampage, Jordan Kyrou - Stopped by Michael Houser
Little Stars, Ilya Mikheyev - Shot Misses the Net
Rampage, Rourke Chartier - Goal!
Little Stars, Adam Tambellini - Stopped by Sami Aittokallio
Rampage, Anthony Richard - Stopped by Michael Houser
Little Stars, Daniel O'regan - Goal!
Rampage, Petr Straka - Goal!
Little Stars, Henrik Borgstrom - Stopped by Sami Aittokallio
Rampage, Dylan Sikura - Goal!
Penalties :
No Penalty
Goalie Stats
Michael Houser (Tex), 29 saves from 34 shots - (0.853), OTL, 0-1-1, 65:00 minutes
Jake Oettinger (San), 12 saves from 16 shots - (0.750), 19:52 minutes
Sami Aittokallio (San), 25 saves from 26 shots - (0.962), W, 1-0-1, 45:08 minutes
Players Stats for Little Stars
Player Name G A P +/- PIM S H SB GA TA FO MP PP MP PK MP
------------------------------------------------------------------------------------
Adam Tambellini 2 0 2 1 0 4 4 0 2 0 0/0 18:39 4:50 1:00
Anton Cederholm 0 1 1 1 0 1 1 2 0 3 0/0 31:48 6:47 2:45
Daniel O'regan 0 1 1 0 0 5 1 1 0 0 20/36 22:26 5:33 0:41
Eric Knodel 0 0 0 1 2 1 1 0 0 2 0/0 30:40 6:47 1:12
Frederic Allard 0 1 1 1 2 0 1 1 0 0 0/0 11:36 0:00 1:33
Henrik Borgstrom 1 1 2 1 0 7 1 0 0 0 1/7 16:27 4:50 0:00
Ilya Mikheyev 1 0 1 0 0 3 0 0 2 0 1/1 24:42 5:33 2:08
Jason Dickinson 0 0 0 -2 0 2 0 0 0 0 1/5 12:49 0:00 0:32
Joakim Nygard 0 0 0 -2 0 1 1 0 2 0 0/0 13:11 0:00 0:09
Joey Anderson 0 0 0 1 2 1 0 0 0 0 0/0 8:01 0:00 0:00
Jordan LaVallee 0 1 1 0 0 4 1 0 1 0 5/7 24:42 5:33 2:40
Justin Auger 0 0 0 -2 0 1 0 1 0 0 0/0 11:46 0:00 0:00
Matt Luff 0 2 2 1 0 2 1 0 0 1 0/2 16:27 4:50 0:00
Michael Mersch 0 1 1 1 0 2 1 0 0 1 0/0 8:53 0:00 0:00
Reece Willcox 0 0 0 -2 0 0 4 0 0 0 0/0 22:42 3:36 1:23
Roman Horak 1 0 1 1 0 4 1 0 0 0 2/4 7:48 0:00 0:00
Tucker Poolman 0 1 1 -2 0 1 1 2 0 1 0/0 22:42 3:36 1:23
Ville Pokka 0 0 0 1 0 3 1 1 0 0 0/0 10:30 0:00 0:00
Players Stats for Rampage
Player Name G A P +/- PIM S H SB GA TA FO MP PP MP PK MP
------------------------------------------------------------------------------------
Anthony Richard 0 1 1 0 0 2 1 0 0 0 3/7 12:48 0:07 3:44
Charlie McAvoy 0 0 0 -1 0 0 2 0 0 3 0/0 23:39 1:07 0:45
Collin Miller 0 0 0 1 0 0 1 0 0 0 0/0 17:06 0:00 6:03
Dominik Simon 1 1 2 1 4 3 1 1 2 1 1/1 20:27 1:30 1:23
Dylan Sikura 0 0 0 2 2 4 3 0 0 0 0/0 14:20 0:07 1:39
Ethan Bear 0 0 0 0 2 4 2 2 0 1 0/0 22:34 1:55 3:35
Jean-Sebastien Dea 0 0 0 -3 0 2 0 0 0 0 6/9 14:23 1:25 0:00
Jeremy Bracco 1 0 1 0 0 2 0 0 1 0 0/0 8:36 1:25 0:00
Jordan Greenway 0 0 0 0 0 1 0 0 0 0 0/0 8:52 0:07 0:45
Jordan Kyrou 0 1 1 1 0 2 4 0 0 0 0/1 16:53 1:30 0:00
Petr Straka 0 0 0 -3 0 3 1 2 0 1 2/3 14:27 0:00 3:02
Pierre Engvall 0 0 0 -3 0 0 1 0 0 0 0/1 19:08 0:00 5:50
Roland McKeown 1 0 1 -1 0 2 0 2 0 0 0/0 23:58 0:00 6:03
Rourke Chartier 1 0 1 1 0 3 0 0 0 0 12/29 16:58 1:30 0:05
Ryan Lomberg 0 2 2 2 0 2 0 0 1 0 1/1 14:09 1:25 0:00
T.J. Tynan 1 1 2 2 4 1 2 0 1 1 7/10 18:15 0:00 4:13
Travis Sanheim 0 1 1 -1 0 2 2 1 3 0 0/0 23:31 1:55 0:00
Vladislav Gavrikov 0 2 2 2 0 1 0 1 0 0 0/0 19:23 1:07 4:20
3 Stars
1 - Adam Tambellini (Tex)
2 - Henrik Borgstrom (Tex)
3 - Vladislav Gavrikov (San)
Power Play
Little Stars - 1 on 6 Attempt(s) - 16.67%
Rampage - 1 on 3 Attempt(s) - 33.33%
Penalty Kill
Little Stars - 2 on 3 Attempt(s) - 66.67%
- Score 0 goal in Penalty Kill
Rampage - 5 on 6 Attempt(s) - 83.33%
- Score 0 goal in Penalty Kill
Team Stat
Little Stars - Hits : 20 - Faceoff Wins : 30 - Blocked Shots : 8 - Penalty Minutes : 6
Rampage - Hits : 20 - Faceoff Wins : 32 - Blocked Shots : 9 - Penalty Minutes : 12
Official
Referees : Brad Meier and Dean Morton
Linesman : Brad Kovachik and Tony Sericolo
Game Notes
Sami Aittokallio enters game at 19:52 of 1st period
Finance
Level 1 -- Attendance: 1785 (89.25%) -- Ticket Income $62,475
Level 2 -- Attendance: 938 (93.80%) -- Ticket Income $14,070
Total Attendance: 2723 (90.77%)
Total Ticket Income: $76,545
Other Income: $3,827
Total Income: $80,372
Little Stars
5 vs 5 Forward
Center Left Wing Right Wing Time % Phy DF OF
1 Daniel O'regan Jordan LaVallee Ilya Mikheyev 40 1 2 2
2 Henrik Borgstrom Adam Tambellini Matt Luff 30 1 2 2
3 Jason Dickinson Joakim Nygard Justin Auger 20 1 2 2
4 Roman Horak Michael Mersch Joey Anderson 10 1 2 2
5 vs 5 Defense
Defense Defense Time % Phy DF OF
1 Anton Cederholm Eric Knodel 40 1 2 2
2 Reece Willcox Tucker Poolman 30 1 2 2
3 Ville Pokka Frederic Allard 20 1 2 2
4 Anton Cederholm Eric Knodel 10 1 2 2
PowerPlay Forward
Center Left Wing Right Wing Time % Phy DF OF
1 Daniel O'regan Jordan LaVallee Ilya Mikheyev 60 0 2 3
2 Henrik Borgstrom Adam Tambellini Matt Luff 40 0 2 3
PowerPlay Defense
Defense Defense Time % Phy DF OF
1 Anton Cederholm Eric Knodel 60 1 2 2
2 Reece Willcox Tucker Poolman 40 1 2 2
Penalty Kill 4 Players Forward
Center Wing Time % Phy DF OF
1 Jordan LaVallee Ilya Mikheyev 60 1 2 2
2 Adam Tambellini Daniel O'regan 40 1 2 2
Penalty Kill 4 Players Defense
Defense Defense Time % Phy DF OF
1 Anton Cederholm Eric Knodel 60 0 3 2
2 Reece Willcox Tucker Poolman 40 0 3 2
Penalty Kill - 3 Players Forward
Forward Time % Phy DF OF
1 Jordan LaVallee 60 1 2 2
2 Ilya Mikheyev 40 1 2 2
Penalty Kill - 3 Players Defense
Defense Defense Time % Phy DF OF
1 Anton Cederholm Eric Knodel 60 0 3 2
2 Reece Willcox Tucker Poolman 40 0 3 2
4 vs 4 Forward
Center Wing Time % Phy DF OF
1 Jordan LaVallee Ilya Mikheyev 60 0 2 3
2 Adam Tambellini Daniel O'regan 40 0 2 3
4 vs 4 Defense
Defense Defense Time % Phy DF OF
1 Anton Cederholm Eric Knodel 60 1 2 2
2 Reece Willcox Tucker Poolman 40 1 2 2
Last Minutes Offensive
Center Left Wing Right Wing Defense Defense
Daniel O'regan Jordan LaVallee Ilya Mikheyev Anton Cederholm Eric Knodel
Last Minutes Defensive
Center Left Wing Right Wing Defense Defense
Daniel O'regan Jordan LaVallee Ilya Mikheyev Anton Cederholm Eric Knodel
Goaltenders
Starting : Michael Houser
Backup : Connor Knapp
Extra Forwards
Normal : Joakim Nygard, Michael Mersch, Jason Dickinson - PP : Joakim Nygard, Michael Mersch - PK : Jason Dickinson
Extra Defensemen
Normal : Ville Pokka, Frederic Allard, Reece Willcox - PP : Ville Pokka - PK : Frederic Allard, Reece Willcox
Penalty Shots
Jordan LaVallee, Ilya Mikheyev, Adam Tambellini, Daniel O'regan, Henrik Borgstrom
Scratches
Filip Chytil (Healthy), Emile Poirier (Healthy), Jean-Christophe Beaudin (Healthy), Lawrence Pilut (Healthy), Connor Mackey (Healthy)
Radel Fazleev (Healthy), Rudolfs Balcers (Healthy), Shane Gersich (Healthy), Yakov Trenin (Healthy), Jonathan Dahlen (Healthy)
Givani Smith (Healthy), Alex Belzile (Healthy), Danil Tarasov (Healthy)
Rampage
5 vs 5 Forward
Center Left Wing Right Wing Time % Phy DF OF
1 Rourke Chartier Dominik Simon Jordan Kyrou 40 1 2 2
2 T.J. Tynan Ryan Lomberg Dylan Sikura 30 1 2 2
3 Jean-Sebastien Dea Pierre Engvall Petr Straka 20 1 2 2
4 Anthony Richard Jordan Greenway Jeremy Bracco 10 1 2 2
5 vs 5 Defense
Defense Defense Time % Phy DF OF
1 Travis Sanheim Charlie McAvoy 40 1 2 2
2 Ethan Bear Roland McKeown 30 1 2 2
3 Vladislav Gavrikov Collin Miller 20 1 2 2
4 Vladislav Gavrikov Ethan Bear 10 1 2 2
PowerPlay Forward
Center Left Wing Right Wing Time % Phy DF OF
1 Rourke Chartier Dominik Simon Jordan Kyrou 60 1 2 2
2 Jean-Sebastien Dea Ryan Lomberg Jeremy Bracco 40 1 2 2
PowerPlay Defense
Defense Defense Time % Phy DF OF
1 Travis Sanheim Ethan Bear 60 1 2 2
2 Charlie McAvoy Vladislav Gavrikov 40 1 2 2
Penalty Kill 4 Players Forward
Center Wing Time % Phy DF OF
1 T.J. Tynan Pierre Engvall 60 1 2 2
2 Anthony Richard Dylan Sikura 40 1 2 2
Penalty Kill 4 Players Defense
Defense Defense Time % Phy DF OF
1 Collin Miller Roland McKeown 60 1 2 2
2 Vladislav Gavrikov Ethan Bear 40 1 2 2
Penalty Kill - 3 Players Forward
Forward Time % Phy DF OF
1 T.J. Tynan 60 1 2 2
2 Jean-Sebastien Dea 40 1 2 2
Penalty Kill - 3 Players Defense
Defense Defense Time % Phy DF OF
1 Roland McKeown Collin Miller 60 1 2 2
2 Vladislav Gavrikov Ethan Bear 40 1 2 2
4 vs 4 Forward
Center Wing Time % Phy DF OF
1 Jean-Sebastien Dea Pierre Engvall 60 1 2 2
2 T.J. Tynan Ryan Lomberg 40 1 2 2
4 vs 4 Defense
Defense Defense Time % Phy DF OF
1 Charlie McAvoy Roland McKeown 60 1 2 2
2 Vladislav Gavrikov Travis Sanheim 40 1 2 2
Last Minutes Offensive
Center Left Wing Right Wing Defense Defense
T.J. Tynan Dominik Simon Jordan Kyrou Travis Sanheim Ethan Bear
Last Minutes Defensive
Center Left Wing Right Wing Defense Defense
T.J. Tynan Pierre Engvall Dylan Sikura Roland McKeown Vladislav Gavrikov
Goaltenders
Starting : Jake Oettinger
Backup : Sami Aittokallio
Extra Forwards
Normal : Pierre Engvall, Jean-Sebastien Dea, T.J. Tynan - PP : Jean-Sebastien Dea, Rourke Chartier - PK : Petr Straka
Extra Defensemen
Normal : Ethan Bear, Vladislav Gavrikov, Travis Sanheim - PP : Roland McKeown - PK : Collin Miller, Charlie McAvoy
Penalty Shots
Jordan Kyrou, Rourke Chartier, Anthony Richard, Petr Straka, Dylan Sikura
Scratches
Adam Clendening (Healthy), Artturi Lehkonen (Healthy), Emil Bemstrom (Healthy), Trent Frederic (Healthy), Kevan Miller (Healthy)
Emil Larmi (Healthy)
% Time on Ice - Little Stars
Lines # - Real PCT - Wanted PCT - Time Play
Normal Forward
1 - 33% - 40% - 15:24
2 - 25% - 30% - 11:37
3 - 25% - 20% - 11:46
4 - 17% - 10% - 7:48
Normal Defense
1 - 40% - 40% - 18:39
2 - 34% - 30% - 15:42
3 - 22% - 20% - 10:04
4 - 5% - 10% - 2:10
PP Forward
1 - 53% - 60% - 5:33
2 - 47% - 40% - 4:50
PP Defense
1 - 65% - 60% - 6:47
2 - 35% - 40% - 3:36
PK Forward
1 - 85% - 60% - 2:34
2 - 15% - 40% - 0:28
PK Defense
1 - 60% - 60% - 1:49
2 - 40% - 40% - 1:13
PK3 Forward
1 - 77% - 60% - 0:51
2 - 23% - 40% - 0:15
PK3 Defense
1 - 85% - 60% - 0:56
2 - 15% - 40% - 0:10
44 Forward
1 - 79% - 60% - 3:06
2 - 21% - 40% - 0:48
44 Defense
1 - 48% - 60% - 1:53
2 - 52% - 40% - 2:01
Last Minute Offensive - 0:00
Last Minute Defensive - 0:00
Total
Forward - 65:00
Defense - 65:00
|
% Time on Ice - Rampage
Lines # - Real PCT - Wanted PCT - Time Play
Normal Forward
1 - 34% - 40% - 15:53
2 - 26% - 30% - 12:19
3 - 24% - 20% - 11:12
4 - 15% - 10% - 7:11
Normal Defense
1 - 43% - 40% - 19:57
2 - 31% - 30% - 14:27
3 - 19% - 20% - 8:43
4 - 7% - 10% - 3:28
PP Forward
1 - 53% - 60% - 1:37
2 - 47% - 40% - 1:25
PP Defense
1 - 63% - 60% - 1:55
2 - 37% - 40% - 1:07
PK Forward
1 - 77% - 60% - 7:56
2 - 23% - 40% - 2:23
PK Defense
1 - 58% - 60% - 5:59
2 - 42% - 40% - 4:20
PK3 Forward
1 - 100% - 60% - 0:04
2 - 0% - 40% - 0:00
PK3 Defense
1 - 100% - 60% - 0:04
2 - 0% - 40% - 0:00
44 Forward
1 - 88% - 60% - 4:23
2 - 12% - 40% - 0:37
44 Defense
1 - 55% - 60% - 2:46
2 - 45% - 40% - 2:14
Last Minute Offensive - 0:00
Last Minute Defensive - 0:00
Total
Forward - 65:00
Defense - 65:00
|
Play-by-Play
1st period
0:01 of 1st period - Daniel O'regan wins face-off versus Rourke Chartier in neutral zone.
0:30 of 1st period - Eric Knodel is hit by Dylan Sikura and loses puck.
0:45 of 1st period - Slapshot by Petr Straka.
0:45 of 1st period - Stopped by Michael Houser without a rebound.
0:46 of 1st period - Jean-Sebastien Dea wins face-off versus Jason Dickinson in Little Stars zone.
0:54 of 1st period - Icing by Pierre Engvall.
0:55 of 1st period - Jean-Sebastien Dea wins face-off versus Roman Horak in Rampage zone.
1:02 of 1st period - Snap shot by Jean-Sebastien Dea.
1:02 of 1st period - Stopped by Michael Houser without a rebound.
1:03 of 1st period - Roman Horak wins face-off versus Anthony Richard in Little Stars zone.
1:15 of 1st period - Off-side.
1:16 of 1st period - Rourke Chartier wins face-off versus Daniel O'regan in neutral zone.
2:13 of 1st period - Wrist shot by Petr Straka.
2:13 of 1st period - Shot Misses the Net.
3:15 of 1st period - Wrist shot by Dylan Sikura.
3:15 of 1st period - Stopped by Michael Houser without a rebound.
3:16 of 1st period - Ryan Lomberg wins face-off versus Daniel O'regan in Little Stars zone.
4:37 of 1st period - Vladislav Gavrikov is hit by Roman Horak and loses puck.
4:57 of 1st period - Daniel O'regan is hit by Jordan Kyrou and loses puck.
5:03 of 1st period - Icing by Daniel O'regan.
5:04 of 1st period - T.J. Tynan wins face-off versus Daniel O'regan in Little Stars zone.
5:34 of 1st period - Snap shot by Rourke Chartier.
5:34 of 1st period - Shot Misses the Net.
5:40 of 1st period - Slapshot by Henrik Borgstrom.
5:40 of 1st period - Stopped by Jake Oettinger without a rebound.
5:41 of 1st period - T.J. Tynan wins face-off versus Jason Dickinson in Rampage zone.
6:14 of 1st period - Snap shot by Jordan LaVallee.
6:14 of 1st period - Stopped by Jake Oettinger with a rebound.
6:16 of 1st period - Snap shot by Ilya Mikheyev.
6:16 of 1st period - Goal by Ilya Mikheyev - Little Stars : 1 - Rampage : 0.
6:17 of 1st period - Daniel O'regan wins face-off versus Rourke Chartier in neutral zone.
7:11 of 1st period - Snap shot by Anthony Richard.
7:11 of 1st period - Stopped by Michael Houser without a rebound.
7:12 of 1st period - Anthony Richard wins face-off versus Daniel O'regan in Little Stars zone.
7:39 of 1st period - Tucker Poolman is hit by Travis Sanheim and loses puck.
8:10 of 1st period - Wrist shot by Adam Tambellini.
8:10 of 1st period - Shot Misses the Net.
8:12 of 1st period - Snap shot by Henrik Borgstrom.
8:12 of 1st period - Deflect By Adam Tambellini.
8:12 of 1st period - Goal by Adam Tambellini - Little Stars : 2 - Rampage : 0.
8:13 of 1st period - Rourke Chartier wins face-off versus Daniel O'regan in neutral zone.
8:15 of 1st period - Off-side.
8:16 of 1st period - Daniel O'regan wins face-off versus Rourke Chartier in neutral zone.
8:27 of 1st period - Snap shot by Jordan LaVallee.
8:27 of 1st period - Shot Blocked by Ethan Bear.
9:07 of 1st period - Jason Dickinson is hit by Ethan Bear and loses puck.
9:16 of 1st period - Slapshot by Ethan Bear.
9:16 of 1st period - Stopped by Michael Houser with a rebound.
9:18 of 1st period - Slapshot by Ethan Bear.
9:18 of 1st period - Deflect By Frederic Allard.
9:18 of 1st period - Stopped by Michael Houser with a rebound.
9:28 of 1st period - Wrist shot by Michael Mersch.
9:28 of 1st period - Stopped by Jake Oettinger without a rebound.
9:29 of 1st period - Anthony Richard wins face-off versus Roman Horak in Rampage zone.
9:33 of 1st period - Collin Miller is hit by Tucker Poolman and loses puck.
9:44 of 1st period - Slapshot by Collin Miller.
9:44 of 1st period - Shot Blocked by Tucker Poolman.
9:50 of 1st period - Minor Penalty to Joey Anderson for High sticking.
9:51 of 1st period - Jordan LaVallee wins face-off versus Rourke Chartier in Little Stars zone.
11:15 of 1st period - Jason Dickinson is hit by Jordan Kyrou and loses puck.
11:50 of 1st period - Penalty to Joey Anderson is over, Joey Anderson is back on ice.
11:55 of 1st period - Snap shot by Dylan Sikura.
11:55 of 1st period - Stopped by Michael Houser with a rebound.
11:59 of 1st period - Snap shot by Dylan Sikura.
11:59 of 1st period - Stopped by Michael Houser with a rebound.
12:31 of 1st period - Snap shot by Henrik Borgstrom.
12:31 of 1st period - Stopped by Jake Oettinger with a rebound.
13:23 of 1st period - Slapshot by Travis Sanheim.
13:23 of 1st period - Shot Blocked by Daniel O'regan.
14:03 of 1st period - Anton Cederholm is hit by Pierre Engvall and loses puck.
14:20 of 1st period - Wrist shot by Roman Horak.
14:20 of 1st period - Stopped by Jake Oettinger with a rebound.
14:37 of 1st period - Anthony Richard is hit by Adam Tambellini and loses puck.
14:50 of 1st period - Snap shot by Henrik Borgstrom.
14:50 of 1st period - Goal by Henrik Borgstrom - Little Stars : 3 - Rampage : 0.
14:51 of 1st period - Ilya Mikheyev wins face-off versus Rourke Chartier in neutral zone.
15:17 of 1st period - T.J. Tynan is hit by Adam Tambellini and loses puck.
15:48 of 1st period - Wrist shot by Petr Straka.
15:48 of 1st period - Deflect By Jean-Sebastien Dea.
15:48 of 1st period - Stopped by Michael Houser without a rebound.
15:49 of 1st period - Daniel O'regan wins face-off versus Rourke Chartier in Little Stars zone.
15:49 of 1st period - Daniel O'regan is hit by Dominik Simon.
15:55 of 1st period - Slapshot by Daniel O'regan.
15:55 of 1st period - Stopped by Jake Oettinger with a rebound.
15:57 of 1st period - Wrist shot by Ilya Mikheyev.
15:57 of 1st period - Deflect By Daniel O'regan.
15:57 of 1st period - Shot Misses the Net.
15:57 of 1st period - Puck is out of play.
15:58 of 1st period - Daniel O'regan wins face-off versus Rourke Chartier in Rampage zone.
16:03 of 1st period - Snap shot by Daniel O'regan.
16:03 of 1st period - Stopped by Jake Oettinger without a rebound.
16:04 of 1st period - Rourke Chartier wins face-off versus Daniel O'regan in Rampage zone.
16:06 of 1st period - Minor Penalty to Dominik Simon for Interference.
16:07 of 1st period - T.J. Tynan wins face-off versus Daniel O'regan in Rampage zone.
16:15 of 1st period - Snap shot by Ilya Mikheyev.
16:15 of 1st period - Stopped by Jake Oettinger with a rebound.
16:47 of 1st period - Wrist shot by Adam Tambellini.
16:47 of 1st period - Stopped by Jake Oettinger with a rebound.
17:05 of 1st period - Jordan LaVallee is hit by Ethan Bear and loses puck.
17:44 of 1st period - Anthony Richard is hit by Henrik Borgstrom and loses puck.
18:06 of 1st period - Penalty to Dominik Simon is over, Dominik Simon is back on ice.
18:12 of 1st period - Snap shot by Henrik Borgstrom.
18:12 of 1st period - Shot Misses the Net.
18:14 of 1st period - Wrist shot by Matt Luff.
18:14 of 1st period - Stopped by Jake Oettinger with a rebound.
18:16 of 1st period - Wrist shot by Henrik Borgstrom.
18:16 of 1st period - Stopped by Jake Oettinger with a rebound.
18:18 of 1st period - Wrist shot by Henrik Borgstrom.
18:18 of 1st period - Stopped by Jake Oettinger without a rebound.
18:19 of 1st period - Dominik Simon wins face-off versus Daniel O'regan in Rampage zone.
18:30 of 1st period - Wrist shot by Rourke Chartier.
18:30 of 1st period - Shot Misses the Net.
18:46 of 1st period - Joakim Nygard is hit by Charlie McAvoy and loses puck.
19:05 of 1st period - Frederic Allard is hit by T.J. Tynan and loses puck.
19:20 of 1st period - Minor Penalty to T.J. Tynan for Tripping.
19:21 of 1st period - Petr Straka wins face-off versus Daniel O'regan in Rampage zone.
19:38 of 1st period - Snap shot by Collin Miller.
19:38 of 1st period - Shot Misses the Net.
19:52 of 1st period - Snap shot by Adam Tambellini.
19:52 of 1st period - Goal by Adam Tambellini - Little Stars : 4 - Rampage : 0.
19:52 of 1st period - Sami Aittokallio enters game.
19:53 of 1st period - Daniel O'regan wins face-off versus Rourke Chartier in neutral zone.
Goals for this period are 4 for Little Stars vs 0 for Rampage.
Shots for this period are 16 for Little Stars vs 9 for Rampage.
2nd period
0:01 of 2nd period - Daniel O'regan wins face-off versus Rourke Chartier in neutral zone.
0:17 of 2nd period - Anton Cederholm is hit by Charlie McAvoy and loses puck.
1:06 of 2nd period - Off-side.
1:07 of 2nd period - Roman Horak wins face-off versus Anthony Richard in neutral zone.
1:10 of 2nd period - Snap shot by Roman Horak.
1:10 of 2nd period - Stopped by Sami Aittokallio with a rebound.
1:12 of 2nd period - Slapshot by Ville Pokka.
1:12 of 2nd period - Deflect By Collin Miller.
1:12 of 2nd period - Stopped by Sami Aittokallio with a rebound.
1:18 of 2nd period - Wrist shot by Roman Horak.
1:18 of 2nd period - Stopped by Sami Aittokallio with a rebound.
1:20 of 2nd period - Slapshot by Ville Pokka.
1:20 of 2nd period - Stopped by Sami Aittokallio with a rebound.
1:22 of 2nd period - Slapshot by Ville Pokka.
1:22 of 2nd period - Stopped by Sami Aittokallio with a rebound.
1:32 of 2nd period - Collin Miller is hit by Ville Pokka and loses puck.
1:41 of 2nd period - Snap shot by Jordan LaVallee.
1:41 of 2nd period - Stopped by Sami Aittokallio with a rebound.
2:03 of 2nd period - Slapshot by Dylan Sikura.
2:03 of 2nd period - Shot Blocked by Anton Cederholm.
2:59 of 2nd period - Snap shot by Rourke Chartier.
2:59 of 2nd period - Stopped by Michael Houser with a rebound.
3:01 of 2nd period - Backhand shot by Dominik Simon.
3:01 of 2nd period - Stopped by Michael Houser with a rebound.
3:05 of 2nd period - Wrist shot by Jordan Kyrou.
3:05 of 2nd period - Stopped by Michael Houser with a rebound.
3:15 of 2nd period - Charlie McAvoy is hit by Reece Willcox and loses puck.
4:03 of 2nd period - Slapshot by Jason Dickinson.
4:03 of 2nd period - Stopped by Sami Aittokallio with a rebound.
4:27 of 2nd period - Slapshot by Travis Sanheim.
4:27 of 2nd period - Stopped by Michael Houser with a rebound.
5:23 of 2nd period - Slapshot by Jason Dickinson.
5:23 of 2nd period - Shot Blocked by Travis Sanheim.
5:25 of 2nd period - Wrist shot by Justin Auger.
5:25 of 2nd period - Shot Misses the Net.
6:04 of 2nd period - Snap shot by Jason Dickinson.
6:04 of 2nd period - Stopped by Sami Aittokallio without a rebound.
6:05 of 2nd period - Daniel O'regan wins face-off versus Rourke Chartier in Rampage zone.
6:12 of 2nd period - Wrist shot by Ethan Bear.
6:12 of 2nd period - Stopped by Michael Houser with a rebound.
6:14 of 2nd period - Snap shot by Ethan Bear.
6:14 of 2nd period - Stopped by Michael Houser with a rebound.
6:16 of 2nd period - Snap shot by Roland McKeown.
6:16 of 2nd period - Stopped by Michael Houser with a rebound.
6:18 of 2nd period - Slapshot by Ethan Bear.
6:18 of 2nd period - Shot Blocked by Anton Cederholm.
6:55 of 2nd period - Slapshot by Eric Knodel.
6:55 of 2nd period - Stopped by Sami Aittokallio without a rebound.
6:56 of 2nd period - Rourke Chartier wins face-off versus Daniel O'regan in Rampage zone.
7:21 of 2nd period - Daniel O'regan is hit by Anthony Richard.
7:45 of 2nd period - Wrist shot by Ilya Mikheyev.
7:45 of 2nd period - Shot Blocked by Roland McKeown.
7:47 of 2nd period - Wrist shot by Daniel O'regan.
7:47 of 2nd period - Stopped by Sami Aittokallio without a rebound.
7:48 of 2nd period - Rourke Chartier wins face-off versus Henrik Borgstrom in Rampage zone.
7:57 of 2nd period - Snap shot by Rourke Chartier.
7:57 of 2nd period - Stopped by Michael Houser with a rebound.
8:00 of 2nd period - Icing by Eric Knodel.
8:01 of 2nd period - Rourke Chartier wins face-off versus Henrik Borgstrom in Little Stars zone.
8:15 of 2nd period - Icing by Adam Tambellini.
8:16 of 2nd period - T.J. Tynan wins face-off versus Henrik Borgstrom in Little Stars zone.
8:30 of 2nd period - Minor Penalty to Dylan Sikura for Hooking.
8:31 of 2nd period - T.J. Tynan wins face-off versus Daniel O'regan in Rampage zone.
9:35 of 2nd period - Vladislav Gavrikov is hit by Reece Willcox and loses puck.
10:30 of 2nd period - Penalty to Dylan Sikura is over, Dylan Sikura is back on ice.
12:17 of 2nd period - Reece Willcox is hit by Collin Miller and loses puck.
12:24 of 2nd period - Rourke Chartier is hit by Reece Willcox and loses puck.
12:43 of 2nd period - Slapshot by Jeremy Bracco.
12:43 of 2nd period - Stopped by Michael Houser with a rebound.
12:49 of 2nd period - Minor Penalty to Frederic Allard for Hooking.
12:50 of 2nd period - Jordan LaVallee wins face-off versus Jordan Kyrou in Little Stars zone.
12:59 of 2nd period - Snap shot by Rourke Chartier.
12:59 of 2nd period - Goal by Rourke Chartier - Little Stars : 4 - Rampage : 1.
13:00 of 2nd period - Daniel O'regan wins face-off versus Rourke Chartier in neutral zone.
13:37 of 2nd period - Wrist shot by Henrik Borgstrom.
13:37 of 2nd period - Stopped by Sami Aittokallio without a rebound.
13:38 of 2nd period - Rourke Chartier wins face-off versus Daniel O'regan in Rampage zone.
13:45 of 2nd period - Dominik Simon is hit by Frederic Allard and loses puck.
14:25 of 2nd period - Wrist shot by Roman Horak.
14:25 of 2nd period - Goal by Roman Horak - Little Stars : 5 - Rampage : 1.
14:26 of 2nd period - Rourke Chartier wins face-off versus Daniel O'regan in neutral zone.
15:36 of 2nd period - Wrist shot by Roman Horak.
15:36 of 2nd period - Shot Misses the Net.
15:38 of 2nd period - Slapshot by Michael Mersch.
15:38 of 2nd period - Shot Blocked by Petr Straka.
15:40 of 2nd period - Snap shot by Joey Anderson.
15:40 of 2nd period - Stopped by Sami Aittokallio with a rebound.
15:42 of 2nd period - Wrist shot by Joey Anderson.
15:42 of 2nd period - Shot Misses the Net.
16:14 of 2nd period - Snap shot by T.J. Tynan.
16:14 of 2nd period - Shot Misses the Net.
16:34 of 2nd period - Snap shot by Jordan Greenway.
16:34 of 2nd period - Shot Misses the Net.
16:36 of 2nd period - Snap shot by Jordan Greenway.
16:36 of 2nd period - Shot Misses the Net.
16:38 of 2nd period - Slapshot by Vladislav Gavrikov.
16:38 of 2nd period - Stopped by Michael Houser with a rebound.
16:40 of 2nd period - Backhand shot by Anthony Richard.
16:40 of 2nd period - Deflect By Jeremy Bracco.
16:40 of 2nd period - Goal by Jeremy Bracco - Little Stars : 5 - Rampage : 2.
16:41 of 2nd period - Daniel O'regan wins face-off versus Rourke Chartier in neutral zone.
16:48 of 2nd period - Slapshot by Daniel O'regan.
16:48 of 2nd period - Shot Misses the Net.
16:50 of 2nd period - Slapshot by Ville Pokka.
16:50 of 2nd period - Deflect By Daniel O'regan.
16:50 of 2nd period - Stopped by Sami Aittokallio with a rebound.
16:52 of 2nd period - Snap shot by Jordan LaVallee.
16:52 of 2nd period - Stopped by Sami Aittokallio with a rebound.
16:54 of 2nd period - Snap shot by Jordan LaVallee.
16:54 of 2nd period - Shot Misses the Net.
16:56 of 2nd period - Snap shot by Frederic Allard.
16:56 of 2nd period - Shot Misses the Net.
17:08 of 2nd period - Frederic Allard is hit by T.J. Tynan.
18:35 of 2nd period - Wrist shot by Anthony Richard.
18:35 of 2nd period - Shot Blocked by Frederic Allard.
18:37 of 2nd period - Slapshot by Roland McKeown.
18:37 of 2nd period - Deflect By Jordan Greenway.
18:37 of 2nd period - Stopped by Michael Houser without a rebound.
18:38 of 2nd period - Daniel O'regan wins face-off versus Anthony Richard in Little Stars zone.
18:44 of 2nd period - Travis Sanheim is hit by Jordan LaVallee and loses puck.
19:20 of 2nd period - Icing by Matt Luff.
19:21 of 2nd period - Henrik Borgstrom wins face-off versus T.J. Tynan in Little Stars zone.
Goals for this period are 1 for Little Stars vs 2 for Rampage.
Shots for this period are 15 for Little Stars vs 13 for Rampage.
3rd period
0:01 of 3rd period - Rourke Chartier wins face-off versus Daniel O'regan in neutral zone.
0:12 of 3rd period - Wrist shot by Dominik Simon.
0:12 of 3rd period - Goal by Dominik Simon - Little Stars : 5 - Rampage : 3.
0:13 of 3rd period - Daniel O'regan wins face-off versus Rourke Chartier in neutral zone.
0:44 of 3rd period - Wrist shot by Adam Tambellini.
0:44 of 3rd period - Stopped by Sami Aittokallio with a rebound.
1:06 of 3rd period - Slapshot by Michael Mersch.
1:06 of 3rd period - Stopped by Sami Aittokallio with a rebound.
1:08 of 3rd period - Snap shot by Joey Anderson.
1:08 of 3rd period - Shot Misses the Net.
1:16 of 3rd period - Minor Penalty to Ethan Bear for Cross-checking.
1:17 of 3rd period - Daniel O'regan wins face-off versus T.J. Tynan in Rampage zone.
1:30 of 3rd period - Wrist shot by Ilya Mikheyev.
1:30 of 3rd period - Deflect By Daniel O'regan.
1:30 of 3rd period - Shot Blocked by Roland McKeown.
1:30 of 3rd period - Puck is out of play.
1:31 of 3rd period - Daniel O'regan wins face-off versus T.J. Tynan in Rampage zone.
2:54 of 3rd period - Slapshot by Petr Straka.
2:54 of 3rd period - Stopped by Michael Houser without a rebound.
2:55 of 3rd period - Daniel O'regan wins face-off versus Pierre Engvall in Little Stars zone.
3:13 of 3rd period - Off-side.
3:14 of 3rd period - Anthony Richard wins face-off versus Henrik Borgstrom in neutral zone.
3:16 of 3rd period - Penalty to Ethan Bear is over, Ethan Bear is back on ice.
3:55 of 3rd period - Snap shot by Daniel O'regan.
3:55 of 3rd period - Stopped by Sami Aittokallio with a rebound.
4:13 of 3rd period - Reece Willcox is hit by Travis Sanheim.
5:13 of 3rd period - Ville Pokka is hit by Petr Straka and loses puck.
6:06 of 3rd period - Roland McKeown is hit by Michael Mersch and loses puck.
6:45 of 3rd period - Snap shot by T.J. Tynan.
6:45 of 3rd period - Shot Misses the Net.
6:47 of 3rd period - Wrist shot by T.J. Tynan.
6:47 of 3rd period - Goal by T.J. Tynan - Little Stars : 5 - Rampage : 4.
6:48 of 3rd period - Daniel O'regan wins face-off versus Rourke Chartier in neutral zone.
7:15 of 3rd period - Matt Luff is hit by Dylan Sikura and loses puck.
7:44 of 3rd period - Petr Straka is hit by Reece Willcox and loses puck.
7:59 of 3rd period - Snap shot by Roman Horak.
7:59 of 3rd period - Shot Misses the Net.
8:01 of 3rd period - Slapshot by Joey Anderson.
8:01 of 3rd period - Shot Blocked by Ethan Bear.
8:03 of 3rd period - Slapshot by Tucker Poolman.
8:03 of 3rd period - Deflect By Ethan Bear.
8:03 of 3rd period - Stopped by Sami Aittokallio without a rebound.
8:04 of 3rd period - T.J. Tynan wins face-off versus Daniel O'regan in Rampage zone.
8:04 of 3rd period - T.J. Tynan is hit by Daniel O'regan.
8:16 of 3rd period - Snap shot by Dylan Sikura.
8:16 of 3rd period - Stopped by Michael Houser with a rebound.
8:18 of 3rd period - Snap shot by Ryan Lomberg.
8:18 of 3rd period - Stopped by Michael Houser without a rebound.
8:19 of 3rd period - Rourke Chartier wins face-off versus Henrik Borgstrom in Little Stars zone.
9:01 of 3rd period - Icing by Charlie McAvoy.
9:02 of 3rd period - Jason Dickinson wins face-off versus Jean-Sebastien Dea in Rampage zone.
9:05 of 3rd period - Wrist shot by Jason Dickinson.
9:05 of 3rd period - Shot Blocked by Petr Straka.
9:07 of 3rd period - Wrist shot by Joakim Nygard.
9:07 of 3rd period - Shot Misses the Net.
9:13 of 3rd period - Snap shot by Joakim Nygard.
9:13 of 3rd period - Shot Misses the Net.
9:15 of 3rd period - Slapshot by Justin Auger.
9:15 of 3rd period - Stopped by Sami Aittokallio without a rebound.
9:16 of 3rd period - Daniel O'regan wins face-off versus Rourke Chartier in Rampage zone.
9:25 of 3rd period - Snap shot by Ilya Mikheyev.
9:25 of 3rd period - Stopped by Sami Aittokallio with a rebound.
9:27 of 3rd period - Snap shot by Jordan LaVallee.
9:27 of 3rd period - Stopped by Sami Aittokallio with a rebound.
9:31 of 3rd period - Snap shot by Jordan LaVallee.
9:31 of 3rd period - Deflect By Ilya Mikheyev.
9:31 of 3rd period - Shot Misses the Net.
9:31 of 3rd period - Puck is out of play.
9:32 of 3rd period - T.J. Tynan wins face-off versus Henrik Borgstrom in Rampage zone.
9:32 of 3rd period - T.J. Tynan is hit by Anton Cederholm.
9:38 of 3rd period - Henrik Borgstrom is hit by Dylan Sikura and loses puck.
9:47 of 3rd period - Snap shot by Henrik Borgstrom.
9:47 of 3rd period - Stopped by Sami Aittokallio without a rebound.
9:48 of 3rd period - Daniel O'regan wins face-off versus Rourke Chartier in Rampage zone.
10:50 of 3rd period - Snap shot by Ethan Bear.
10:50 of 3rd period - Shot Blocked by Tucker Poolman.
11:09 of 3rd period - Snap shot by Anthony Richard.
11:09 of 3rd period - Stopped by Michael Houser with a rebound.
11:21 of 3rd period - Dominik Simon is hit by Adam Tambellini and loses puck.
11:30 of 3rd period - Wrist shot by Adam Tambellini.
11:30 of 3rd period - Shot Blocked by Dominik Simon.
11:32 of 3rd period - Slapshot by Tucker Poolman.
11:32 of 3rd period - Shot Blocked by Vladislav Gavrikov.
12:37 of 3rd period - Slapshot by Travis Sanheim.
12:37 of 3rd period - Deflect By Ville Pokka.
12:37 of 3rd period - Stopped by Michael Houser without a rebound.
12:38 of 3rd period - Rourke Chartier wins face-off versus Matt Luff in Little Stars zone.
12:45 of 3rd period - Slapshot by Henrik Borgstrom.
12:45 of 3rd period - Deflect By Matt Luff.
12:45 of 3rd period - Stopped by Sami Aittokallio with a rebound.
13:20 of 3rd period - Minor Penalty to T.J. Tynan for Charging.
13:21 of 3rd period - Daniel O'regan wins face-off versus Petr Straka in Rampage zone.
13:48 of 3rd period - Pierre Engvall is hit by Eric Knodel and loses puck.
14:34 of 3rd period - Icing by Daniel O'regan.
14:35 of 3rd period - Daniel O'regan wins face-off versus Anthony Richard in Little Stars zone.
15:15 of 3rd period - Minor Penalty to Dominik Simon for Holding.
15:16 of 3rd period - Petr Straka wins face-off versus Matt Luff in Rampage zone.
15:16 of 3rd period - Petr Straka is hit by Matt Luff.
15:20 of 3rd period - Penalty to T.J. Tynan is over, T.J. Tynan is back on ice.
17:15 of 3rd period - Penalty to Dominik Simon is over, Dominik Simon is back on ice.
17:25 of 3rd period - Off-side.
17:26 of 3rd period - Rourke Chartier wins face-off versus Jason Dickinson in neutral zone.
17:29 of 3rd period - Wrist shot by Dominik Simon.
17:29 of 3rd period - Shot Misses the Net.
17:31 of 3rd period - Wrist shot by Dominik Simon.
17:31 of 3rd period - Stopped by Michael Houser with a rebound.
17:33 of 3rd period - Wrist shot by Rourke Chartier.
17:33 of 3rd period - Shot Misses the Net.
17:35 of 3rd period - Wrist shot by Rourke Chartier.
17:35 of 3rd period - Deflect By Jordan Kyrou.
17:35 of 3rd period - Stopped by Michael Houser without a rebound.
17:36 of 3rd period - Jean-Sebastien Dea wins face-off versus Jason Dickinson in Little Stars zone.
17:37 of 3rd period - Slapshot by Travis Sanheim.
17:37 of 3rd period - Shot Blocked by Ville Pokka.
17:45 of 3rd period - Backhand shot by Travis Sanheim.
17:45 of 3rd period - Shot Misses the Net.
17:47 of 3rd period - Wrist shot by Charlie McAvoy.
17:47 of 3rd period - Shot Blocked by Justin Auger.
17:49 of 3rd period - Snap shot by Petr Straka.
17:49 of 3rd period - Stopped by Michael Houser without a rebound.
17:50 of 3rd period - Jean-Sebastien Dea wins face-off versus Daniel O'regan in Little Stars zone.
18:17 of 3rd period - Joakim Nygard is hit by Jordan Kyrou and loses puck.
18:38 of 3rd period - Slapshot by Ryan Lomberg.
18:38 of 3rd period - Stopped by Michael Houser with a rebound.
18:40 of 3rd period - Wrist shot by Ryan Lomberg.
18:40 of 3rd period - Shot Misses the Net.
18:42 of 3rd period - Slapshot by Roland McKeown.
18:42 of 3rd period - Goal by Roland McKeown - Little Stars : 5 - Rampage : 5.
18:43 of 3rd period - Jean-Sebastien Dea wins face-off versus Jordan LaVallee in neutral zone.
19:06 of 3rd period - Minor Penalty to Eric Knodel for Roughing.
19:07 of 3rd period - Jordan LaVallee wins face-off versus Rourke Chartier in Little Stars zone.
19:07 of 3rd period - Jordan LaVallee is hit by Jordan Kyrou.
Goals for this period are 0 for Little Stars vs 3 for Rampage.
Shots for this period are 9 for Little Stars vs 12 for Rampage.
Overtime #1
0:01 of 1st overtime period - Jordan LaVallee wins face-off versus Jean-Sebastien Dea in neutral zone.
0:04 of 1st overtime period - Slapshot by Anton Cederholm.
0:04 of 1st overtime period - Deflect By Jean-Sebastien Dea.
0:04 of 1st overtime period - Stopped by Sami Aittokallio without a rebound.
0:05 of 1st overtime period - Jean-Sebastien Dea wins face-off versus Jordan LaVallee in Rampage zone.
1:06 of 1st overtime period - Penalty to Eric Knodel is over, Eric Knodel is back on ice.
2:44 of 1st overtime period - Icing by Tucker Poolman.
2:45 of 1st overtime period - Jordan LaVallee wins face-off versus Jean-Sebastien Dea in Little Stars zone.
3:14 of 1st overtime period - Roland McKeown is hit by Joakim Nygard.
3:27 of 1st overtime period - Slapshot by Joakim Nygard.
3:27 of 1st overtime period - Stopped by Sami Aittokallio with a rebound.
4:08 of 1st overtime period - Ryan Lomberg is hit by Adam Tambellini.
Goals for this period are 0 for Little Stars vs 0 for Rampage.
Shots for this period are 2 for Little Stars vs 0 for Rampage.
ShootOut
5:00 of 1st overtime period - Round #1.
5:00 of 1st overtime period - Little Stars, Jordan LaVallee.
5:00 of 1st overtime period - Deke by Jordan LaVallee.
5:00 of 1st overtime period - Goal by Jordan LaVallee.
5:00 of 1st overtime period - Rampage, Jordan Kyrou.
5:00 of 1st overtime period - Deke by Jordan Kyrou.
5:00 of 1st overtime period - Stopped by Michael Houser.
5:00 of 1st overtime period - Round #2.
5:00 of 1st overtime period - Little Stars, Ilya Mikheyev.
5:00 of 1st overtime period - Wrist shot by Ilya Mikheyev.
5:00 of 1st overtime period - Shot Misses the Net.
5:00 of 1st overtime period - Rampage, Rourke Chartier.
5:00 of 1st overtime period - Deke by Rourke Chartier.
5:00 of 1st overtime period - Goal by Rourke Chartier.
5:00 of 1st overtime period - Round #3.
5:00 of 1st overtime period - Little Stars, Adam Tambellini.
5:00 of 1st overtime period - Deke by Adam Tambellini.
5:00 of 1st overtime period - Stopped by Sami Aittokallio.
5:00 of 1st overtime period - Rampage, Anthony Richard.
5:00 of 1st overtime period - Snap shot by Anthony Richard.
5:00 of 1st overtime period - Stopped by Michael Houser.
5:00 of 1st overtime period - Round #4.
5:00 of 1st overtime period - Little Stars, Daniel O'regan.
5:00 of 1st overtime period - Snap shot by Daniel O'regan.
5:00 of 1st overtime period - Goal by Daniel O'regan.
5:00 of 1st overtime period - Rampage, Petr Straka.
5:00 of 1st overtime period - Backhand shot by Petr Straka.
5:00 of 1st overtime period - Goal by Petr Straka.
5:00 of 1st overtime period - Round #5.
5:00 of 1st overtime period - Little Stars, Henrik Borgstrom.
5:00 of 1st overtime period - Deke by Henrik Borgstrom.
5:00 of 1st overtime period - Stopped by Sami Aittokallio.
5:00 of 1st overtime period - Rampage, Dylan Sikura.
5:00 of 1st overtime period - Snap shot by Dylan Sikura.
5:00 of 1st overtime period - Goal by Dylan Sikura.